 Dungeon Crawl Stone Soup version 0.26-a0-859-gf57989e088 (webtiles) character file.

Game seed: 1985508425994726462

1094 Decritt the Cutter (level 8, 0/54 HPs)
             Began as a Halfling Brigand on Nov 25, 2020.
             Succumbed to a worker ant's poison
             ... on level 6 of the Dungeon.
             The game lasted 00:15:14 (7758 turns).

Decritt the Cutter (Halfling Brigand)               Turns: 7758, Time: 00:15:14

Health: 0/54       AC: 13    Str: 12 (13) XL:     8   Next: 57%
Magic:  8/8        EV:  6    Int: 14 (15) God:
Gold:   190        SH:  0    Dex: 14 (15) Spells: 7/7 levels left

rFire    . . .     SeeInvis +   a - +3 dagger
rCold    . . .     Faith    .   (shield restricted)
rNeg     . . .     Spirit   .   v - +0 plate armour
rPois    .         Reflect  .   (no helmet)
rElec    .         Harm     .   c - +0 cloak
rCorr    .         Rampage  .   (no gloves)
MR       .....                  (no boots)
Stlth    ..........             f - amulet of magic regeneration
HPRegen  0.18/turn              u - ring of see invisible
MPRegen  0.36/turn              o - +6 ring of intelligence

@: lethally poisoned (0 -> -17)
A: small, clumsy 1, mutation resistance 1, wild magic 1
a: no special abilities


You were on level 6 of the Dungeon.
You visited 2 branches of the dungeon, and saw 7 of its levels.

You collected 190 gold pieces.

Inventory:

Hand Weapons
 a - a +3 dagger (weapon)
Missiles
 d - 16 poisoned darts (quivered)
 e - a curare-tipped dart
 p - 5 atropa-tipped darts
Armour
 b - a +0 robe
 c - a +0 cloak (worn)
 l - a +0 leather armour
 v - a +0 plate armour (worn)
Jewellery
 f - an amulet of magic regeneration (around neck)
 o - a +6 ring of intelligence (right hand)
 u - a ring of see invisible (left hand)
Wands
 s - a wand of flame (17)
Scrolls
 g - a scroll of enchant weapon
 i - a scroll of amnesia
 j - 2 scrolls of remove curse
 k - a scroll of enchant armour {unknown}
 m - a scroll of blinking
 n - a scroll of fog {unknown}
 q - 2 scrolls of teleportation
 r - 2 scrolls of identify
Potions
 h - 2 potions of mutation
 t - a potion of lignification


   Skills:
 + Level 4.1 Fighting
 * Level 7.6 Short Blades
 - Level 2.0 Throwing
 + Level 4.3 Armour
 + Level 4.6 Dodging
 - Level 4.3 Stealth


You had 7 spell levels left.
You didn't know any spells.
Your spell library was empty.

Dungeon Overview and Level Annotations

Branches:
Dungeon (6/15)             Temple (1/1) D:5

Altars:
Ashenzari
Cheibriados
Elyvilon
Kikubaaqudgha
Makhleb
Nemelex Xobeh
Qazlal
Ru
Sif Muna
Trog
Uskayaw
Vehumet
Yredelemnul
Zin
The Shining One

Annotations:
D:4 Grinder


Innate Abilities, Weirdness & Mutations

You are small and have problems with some larger weapons.
You are somewhat resistant to further mutation.
You are clumsy. (Dex -2)
Your spells are a little harder to cast, but a little more powerful.


Message History

The worker ant is severely wounded.
* * * LOW HITPOINT WARNING * * *
You feel sick.
The worker ant waves its antennae.
The worker ant bites you but does no damage. x2
You hit the worker ant but do no damage.
The worker ant is severely wounded.
* * * LOW HITPOINT WARNING * * *
You feel sick.
The worker ant bites you but does no damage.
The phantom hits you but does no damage.
The worker ant bites you but does no damage.
You hit the worker ant.
The worker ant is almost dead.
* * * LOW HITPOINT WARNING * * *
You feel sick.
The worker ant bites you but does no damage.
You barely miss the worker ant.
The worker ant is almost dead.
You die...

#...###..###
#####...##..#### #
#............... ####.
....###.......###.
#....### ##....#### #.
.$.....## #.....# #.
........####....## #.
......W.........# #.
(.....B@B.###...# ##
......###..........#####
....? ..########......
.... ..## #####.. #..
#|# ##. .. .. ## . ...


You could see a phantom and 2 worker ants.

Vanquished Creatures
  A sky beast (D:5)
  3 ogres (D:3)
  A bullfrog (D:6)
  3 elf zombies (D:5)
  An elf skeleton (D:5)
  3 orc priests
  A jelly (D:5)
  Natasha (D:2)
  2 worker ants
  A hound skeleton (D:4)
  5 adders
  7 gnolls
  An ooze (D:3)
  3 worms
  3 dart slugs
  2 leopard geckos
  6 orcs
  2 ball pythons
  10 giant cockroaches
  9 goblins
  7 hobgoblins
  8 jackals
  6 quokkas
  4 bats
  3 frilled lizards
  8 kobolds
  A leopard gecko zombie (D:5)
  An orc skeleton (D:5)
  An orc zombie (D:5)
  5 rats
109 creatures vanquished.

Notes
Turn   | Place    | Note
-------+----------+-------------------------------------------
     0 | D:1      | Decritt the Halfling Brigand began the quest for the Orb.
     0 | D:1      | Reached XP level 1. HP: 14/14 MP: 1/1
   178 | D:1      | Reached XP level 2. HP: 19/19 MP: 2/2
   388 | D:1      | Reached skill level 3 in Short Blades
   589 | D:1      | Reached XP level 3. HP: 19/24 MP: 3/3
   817 | D:1      | Reached skill level 1 in Armour
  1297 | D:2      | Noticed Natasha
  1315 | D:2      | Killed Natasha
  1316 | D:2      | Reached XP level 4. HP: 10/29 MP: 4/4
  1937 | D:2      | Reached skill level 4 in Short Blades
  2405 | D:3      | Reached XP level 5. HP: 35/35 MP: 5/5
  2430 | D:3      | Noticed an ogre
  2449 | D:3      | Killed an ogre
  2450 | D:3      | Reached XP level 6. HP: 15/41 MP: 6/6
  2872 | D:3      | Found a hide-covered altar of Uskayaw.
  3173 | D:3      | Reached skill level 5 in Short Blades
  3202 | D:3      | Noticed an ogre
  3215 | D:3      | Killed an ogre
  3485 | D:4      | Noticed an ogre
  3500 | D:3      | Killed an ogre
  3501 | D:3      | Reached XP level 7. HP: 22/46 MP: 7/7
  4260 | D:4      | Reached skill level 6 in Short Blades
  4505 | D:4      | Noticed Grinder
  4512 | D:4      | Paralysed by Grinder for 7 turns
  4527 | D:4      | Paralysed by Grinder for 6 turns
  4535 | D:5      | Entered Level 5 of the Dungeon
  4616 | D:5      | Gained mutation: You are clumsy. (Dex -2) [potion of
                  | mutation]
  4616 | D:5      | Gained mutation: Your spells are a little harder to cast,
                  | but a little more powerful. [potion of mutation]
  5103 | D:5      | Found a staircase to the Ecumenical Temple.
  5161 | Temple   | Entered the Ecumenical Temple
  5679 | D:5      | Reached XP level 8. HP: 46/54 MP: 8/8
  5753 | D:5      | Reached skill level 7 in Short Blades
  7756 | D:6      | HP: 2/54 [poisoned by a worker ant]
  7758 | D:6      | Succumbed to a worker ant's poison

Illustrated notes

Levels and vault maps discovered:
D:1:      dpeg_arrival_shrine, layout_basic, minmay_tromino_i2
D:2:      layout_basic, minivault_11, minivault_24, serial_bayou_pond_e,
          uniq_natasha
D:3:      layout_basic, general_overflow_altar
D:4:      layout_rooms, lemuel_round_altar, uniq_grinder, uniq_eustachio
D:5:      layout_loops_ring, minmay_temple_entry_butterflies,
          nicolae_ossuary_entry_catacombs
D:6:      layout_rooms, gammafunk_temple_overflow_claw, minmay_misc_feat_columns
Temple:   jpeg_temple_clearing

Skill      XL: |  1  2  3  4  5  6  7  8 |
---------------+-------------------------+-----
Fighting       | 2 3 4 |  4.1
Short Blades   | 3 4 5 6 7 |  7.6
Armour         | 1 2 3 4 |  4.3
Dodging        | 2 3 4 |  4.6
Throwing       | |  2.0
Stealth        | |  4.3

Action                   |  1- 3 |  4- 6 |  7- 9 || total
-------------------------+-------+-------+-------++-------
Melee: Dagger            |    70 |   135 |   287 ||   492
Throw: Dart              |    52 |   138 |   117 ||   307
  Use: Potion            |       |       |     6 ||     6
       Scroll            |       |       |     6 ||     6
 Stab: Invisible         |       |       |     1 ||     1
Armor: Robe              |     3 |       |       ||     3
       Leather armour    |     6 |    12 |    21 ||    39
       Skin              |       |       |    16 ||    16
       Plate armour      |       |       |    27 ||    27
Dodge: Dodged            |    34 |    79 |   112 ||   225

Table legend: (Time is in decaauts)
 A = Elapsed time spent in this place.
 B = Non-inter-level travel time spent in this place.
 C = Inter-level travel time spent in this place.
 D = Time resting spent in this place.
 E = Time spent auto-exploring this place.
 F = Levels seen in this place.
 G = Mean time per level.
                   A        B        C        D        E       F      G
               +--------+--------+--------+--------+--------+-----+--------+
         Total |   7592 |   7454 |    138 |   1963 |   4476 |   7 | 1084.6 |
       Dungeon |   7499 |   7380 |    119 |   1963 |   4404 |   6 | 1249.8 |
        Temple |     92 |     73 |     19 |      0 |     72 |   1 |   92.0 |
               +--------+--------+--------+--------+--------+-----+--------+

Top non-repeatable levels by time:
     D:5: 2669 daAuts
     D:3: 1631 daAuts
     D:1: 1244 daAuts
     D:2: 1070 daAuts
     D:4: 516 daAuts
     D:6: 367 daAuts
  Temple: 92 daAuts
